[Event "Team 45 45 League T57"]
[Site "Internet Chess Club"]
[Date "2013.06.22"]
[Round "5"]
[White "Toalla"]
[Black "Aquaman"]
[Result "1-0"]
[WhiteElo "1371"]
[BlackElo "1311"]
[Opening "English opening"]
[ECO "A20"]
[Time "15:02:03"]
[TimeControl "2700+45"]

1. c4 e5 2. e4 Nf6 3. d3 d6 4. Nc3 c6 5. Nf3 Be7 6. Be2 O-O 7. O-O Nbd7 8. Bg5
Re8 9. Re1 Nf8 10. d4 exd4 11. Nxd4 Ne6 12. Nxe6 Bxe6 13. Rc1 h6 14. Bh4 Nd7 15.
Bxe7 Rxe7 16. b3 Nf6 17. Qd3 Ne8 18. Rcd1 Rd7 19. f4 Rc7 20. f5 Bc8 21. Qg3 Rd7
22. Rd2 b6 23. Nd1 Qg5 24. Ne3 Qxg3 25. hxg3 Bb7 26. Bf3 Rad8 27. Red1 f6 28.
Kf2 a5 29. a3 Ba8 30. g4 Nc7 31. g3 Na6 32. Ng2 Nc5 33. Rb1 Re8 34. Rd4 Nb7 35.
b4 axb4 36. axb4 c5 37. bxc5 bxc5 38. Rd3 Nd8 39. Rb6 Nc6 40. Nf4 Nd4 41. Ne6
Nxe6 42. fxe6 Rxe6 43. Rb8+ Kf7 44. Rxa8 Kg6 45. Rd5 Kf7 46. Ra6 Ke7 47. Rh5 Kf7
48. Bg2 Rd8 49. Ra2 Kg6 50. Bf3 Kh7 51. Rd2 g6 52. Rh1 g5 53. Ra1 Rd7 54. Kg2
Kg7 55. e5 fxe5 56. Be4 Rd8 57. Ra7+ Kh8 58. Ra6 Rf6 59. Rda2 Kg8 60. Ra7 Kf8
61. Rh7 Kg8 62. Raa7 Kf8 63. Rh8# {Black checkmated} 1-0

[Event "Team 45 45 League T57"]
[Site "Internet Chess Club"]
[Date "2013.06.22"]
[Round "5"]
[White "semperfi"]
[Black "wekabird"]
[Result "1-0"]
[WhiteElo "1377"]
[BlackElo "1197"]
[Opening "Queen's pawn game"]
[ECO "D02"]
[Time "20:04:50"]
[TimeControl "2700+45"]

1. d4 d5 2. Nf3 c6 3. e3 e6 4. Bd3 Nf6 5. Nbd2 b6 6. O-O Be7 7. Re1 O-O 8. e4
dxe4 9. Nxe4 Nxe4 10. Bxe4 f5 11. Bd3 Qd7 12. c3 Bd8 13. Ne5 Qe7 14. Qf3 Bb7 15.
a4 c5 16. Qh5 Qh4 17. Qxh4 Re8 18. Qh5 Nd7 19. Qxe8+ Nf8 {Black resigns} 1-0

[Event "Team 45 45 League T57"]
[Site "Internet Chess Club"]
[Date "2013.06.23"]
[Round "5"]
[White "WilmaP"]
[Black "artspir"]
[Result "1-0"]
[WhiteElo "1118"]
[BlackElo "1117"]
[Opening "Caro-Kann defense"]
[ECO "B10"]
[Time "13:01:51"]
[TimeControl "2700+45"]

1. e4 c6 2. Nf3 d5 3. Bd3 Nf6 4. e5 Ne4 5. O-O Bf5 6. Re1 e6 7. Nc3 Bc5 8. Nxe4
dxe4 9. Bxe4 Qb6 10. d4 Be7 11. Bxf5 exf5 12. b3 O-O 13. Be3 Rd8 14. c4 Qc7 15.
Qc2 Nd7 16. Qxf5 g6 17. Qh3 h5 18. e6 Nf6 19. Ng5 Kg7 20. Nxf7 Rf8 21. Bh6+
{Black resigns} 1-0

[Event "Team 45 45 League T57"]
[Site "Internet Chess Club"]
[Date "2013.06.21"]
[Round "5"]
[White "netballgirl"]
[Black "RamRock"]
[Result "0-1"]
[WhiteElo "1847"]
[BlackElo "1909"]
[Opening "English: Anglo-Dutch defense"]
[ECO "A10"]
[Time "20:00:46"]
[TimeControl "2700+45"]

1. c4 f5 2. Nf3 Nf6 3. Nc3 e6 4. g3 Be7 5. Bg2 d6 6. O-O e5 7. d3 O-O 8. Rb1 Nc6
9. b4 Qe8 10. b5 Nd8 11. e3 Ne6 12. Nd2 g5 13. Nd5 Nxd5 14. Bxd5 Qg6 15. Nb3 Kh8
16. Kh1 Rb8 17. Bb2 Bf6 18. Qe2 Bd7 19. Na5 Nd8 20. Qf3 b6 21. Nb3 Be6 22. Bxe6
Nxe6 23. Qd5 Rfe8 24. d4 Qg7 25. dxe5 Bxe5 26. Bxe5 Qxe5 27. Qxe5+ dxe5 28. Rfd1
Red8 29. Kg2 Kg7 30. Kf3 Kf6 31. Ke2 h5 32. Rd5 Rd6 33. Rbd1 Rbd8 34. f3 e4 35.
Rxd6 Rxd6 36. Rxd6 cxd6 37. fxe4 fxe4 38. Kd2 h4 39. Ke2 Ke5 40. Kf2 hxg3+ 41.
hxg3 d5 42. cxd5 Kxd5 43. Nd2 Nc5 44. Kg2 g4 45. Kf1 Na4 46. Ke1 Nc3 47. Nb3
Nxb5 48. Kd2 a5 49. a4 Nd6 50. Nd4 Nc4+ 51. Ke2 Nb2 52. Nf5 Nxa4 53. Nh6 Nc3+
54. Kd2 Kc4 55. Nxg4 a4 56. Kc2 Ne2 57. Ne5+ Kd5 58. Nd7 b5 59. g4 Ng3 60. g5
Nf5 61. Nf6+ Ke5 62. Nd7+ Kd6 63. Nf6 Nxe3+ 64. Kd2 Nc4+ 65. Ke2 Ke5 66. Nxe4
Kf5 67. Nc3 a3 68. Na2 Kxg5 69. Kd3 Ne5+ 70. Kc3 Nc6 71. Kb3 b4 72. Nc1 Kf5 73.
Kc4 Ke4 74. Nb3 a2 75. Na1 Ke3 76. Kb3 Kd2 77. Kxa2 Kc3 78. Nb3 Nd4 79. Nc5 Kc2
80. Na4 b3+ 81. Ka1 Kc1 82. Nb2 Nc2# {White checkmated} 0-1

[Event "Team 45 45 League T57"]
[Site "Internet Chess Club"]
[Date "2013.06.23"]
[Round "5"]
[White "amicusUK"]
[Black "Marcosm06"]
[Result "1-0"]
[WhiteElo "1623"]
[BlackElo "1672"]
[Opening "Old Benoni defense"]
[ECO "A46"]
[Time "15:00:45"]
[TimeControl "2700+45"]

1. d4 Nf6 2. Nf3 c5 3. d5 e6 4. Nc3 exd5 5. Nxd5 Nxd5 6. Qxd5 Nc6 7. c3 d6 8.
Bf4 Be6 9. Qd2 Be7 10. e4 Qd7 11. Be2 a6 12. O-O O-O 13. Rfd1 Rfd8 14. Qe3 Qe8
15. Ng5 Rd7 16. Qg3 Rad8 17. Nxe6 fxe6 18. Bg4 Qg6 19. Qh3 Kh8 20. Bxe6 h6 21.
Bxd7 Rf8 22. Bf5 Qf6 23. Qg3 g5 24. Bxd6 Bxd6 {Black resigns} 1-0

[Event "Team 45 45 League T57"]
[Site "Internet Chess Club"]
[Date "2013.06.22"]
[Round "5"]
[White "lemanofzorn"]
[Black "JRussell2"]
[Result "1/2-1/2"]
[WhiteElo "1596"]
[BlackElo "1411"]
[Opening "QGD: Orthodox defense, Botvinnik variation"]
[ECO "D60"]
[Time "18:00:06"]
[TimeControl "2700+45"]

1. d4 Nf6 2. c4 e6 3. Nc3 d5 4. Bg5 Be7 5. e3 O-O 6. Nf3 Nbd7 7. Bd3 c5 8. cxd5
exd5 9. dxc5 Nxc5 10. Bc2 Nce4 11. Nxe4 dxe4 12. Nd4 Bg4 13. Qd2 Qb6 14. O-O
Rfd8 15. Bxf6 Bxf6 16. Bxe4 Bxd4 17. exd4 Rxd4 18. Qf4 f5 19. h3 Rxe4 20. Qd2
Bxh3 21. gxh3 Qg6+ 22. Kh2 Rae8 23. Rae1 Rxe1 24. Rxe1 Rxe1 25. Qxe1 Qd6+ 26.
Kg1 Kf7 27. Qe3 Qd1+ 28. Kh2 Qd6+ 29. f4 a6 30. Qb3+ Kf6 31. Qxb7 Qxf4+ 32. Kg1
Qg3+ 33. Qg2 Qe1+ 34. Kh2 Qe5+ 35. Kg1 Qe1+ 36. Qf1 Qe3+ {Game drawn by mutual
agreement} 1/2-1/2

[Event "Team 45 45 League T57"]
[Site "Internet Chess Club"]
[Date "2013.06.23"]
[Round "5"]
[White "Constrictor"]
[Black "Portola"]
[Result "1-0"]
[WhiteElo "1731"]
[BlackElo "1757"]
[Opening "Queen's pawn game, Darooha variation "]
[ECO "D02"]
[Time "16:00:31"]
[TimeControl "2700+45"]

1. Nf3 d5 2. d4 Nf6 3. c3 c6 4. Bf4 Bf5 5. Nbd2 e6 6. Qb3 Qc8 7. Nh4 Be7 8. e3
O-O 9. f3 Nbd7 10. g4 Bg6 11. Nxg6 hxg6 12. Bd3 c5 13. Qc2 cxd4 14. exd4 Nh7 15.
h4 f5 16. gxf5 exf5 17. O-O-O Ndf6 18. Rdg1 Nh5 19. Be5 Qc6 20. f4 Qb6 21. Nf3
Rac8 22. Ng5 Rc6 23. Nxh7 Kxh7 24. Be2 Rf7 25. Qd1 Kg8 26. Bxh5 gxh5 27. Qxh5
Rh6 28. Qf3 Qc6 29. h5 Kh7 30. Rg3 Bf8 31. Rhg1 Qd7 32. Rg6 Kh8 33. Rxh6+ {Black
resigns} 1-0

[Event "Team 45 45 League T57"]
[Site "Internet Chess Club"]
[Date "2013.06.22"]
[Round "5"]
[White "kabindra"]
[Black "Hal2001"]
[Result "1/2-1/2"]
[WhiteElo "1832"]
[BlackElo "1578"]
[Opening "Robatsch defense"]
[ECO "B06"]
[Time "11:00:36"]
[TimeControl "2700+45"]

1. e4 g6 2. d4 Bg7 3. Nc3 c5 4. d5 d6 5. h3 a6 6. a4 e6 7. Nf3 Ne7 8. Bg5 O-O 9.
Qd2 Qc7 10. Bh6 exd5 11. Bxg7 Kxg7 12. exd5 Nd7 13. h4 Nf6 14. Qg5 Bf5 15. Bd3
Bxd3 16. cxd3 Qd7 17. h5 Qf5 18. h6+ Kg8 19. Qxf5 Nxf5 20. O-O-O Ng4 21. Ne4
Nfxh6 22. Nxd6 Rad8 23. Nxb7 Rxd5 24. Rd2 Nf5 25. Ng5 Rb8 26. Na5 h5 27. Ne4 Kg7
28. Nc3 Rd7 29. Kb1 Ne5 30. Rhd1 Rbd8 31. f4 Rxd3 32. Rxd3 Nxd3 33. Ne4 Re8 34.
Rxd3 Rxe4 35. g3 Rxa4 36. Nc6 Nd4 37. Ne5 Rb4 38. Nd7 Rb3 39. Nxc5 Rxd3 40. Nxd3
Ne2 41. Nc5 Nxg3 42. Nxa6 h4 43. Nc5 h3 44. Nd3 h2 45. Nf2 h1=Q+ 46. Nxh1 Nxh1
47. b4 Nf2 48. b5 Ne4 49. b6 Nd6 50. Kc2 Kf6 51. Kd3 Kf5 52. Kd4 Kxf4 53. Kd5
Nb7 54. Kc6 Na5+ 55. Kb5 Nb7 56. Kc6 Nd8+ 57. Kd7 Ne6 58. Kc6 Nd8+ 59. Kd7 Nb7
60. Kc6 {Game drawn by repetition} 1/2-1/2

[Event "Team 45 45 League T57"]
[Site "Internet Chess Club"]
[Date "2013.06.23"]
[Round "5"]
[White "alaskauk"]
[Black "evan7284"]
[Result "0-1"]
[WhiteElo "1459"]
[BlackElo "1737"]
[Opening "Queen's pawn game"]
[ECO "D02"]
[Time "16:01:38"]
[TimeControl "2700+45"]

1. d4 d5 2. Nf3 e6 3. e3 f5 4. c4 c6 5. Bd3 Nf6 6. O-O Bd6 7. b3 Nbd7 8. Ba3 Qe7
9. Bxd6 Qxd6 10. c5 Qc7 11. h3 Ne4 12. Re1 O-O 13. h4 e5 14. Bxe4 fxe4 15. Ng5
Nf6 16. Nc3 h6 17. Nh3 Bxh3 18. gxh3 exd4 19. exd4 Qf4 20. Re3 Nh5 21. Qe2 Qxh4
22. Rf1 Rf6 23. Qg4 Qxg4+ 24. hxg4 Rg6 25. Ne2 Rxg4+ 26. Kh2 Rf8 27. Kh3 Rg5 28.
Ng3 Nxg3 29. Rxg3 Rxg3+ 30. Kxg3 Rf3+ 31. Kg2 Rd3 32. Ra1 Rxd4 33. Rc1 Rd2 34.
Ra1 e3 35. Kf1 Rxf2+ {White resigns} 0-1

[Event "Team 45 45 League T57"]
[Site "Internet Chess Club"]
[Date "2013.06.23"]
[Round "5"]
[White "g8wrb"]
[Black "ricnic"]
[Result "0-1"]
[WhiteElo "1422"]
[BlackElo "1524"]
[Opening "Caro-Kann: classical, 6.h4"]
[ECO "B18"]
[Time "15:07:49"]
[TimeControl "2700+45"]

1. e4 c6 2. d4 d5 3. Nc3 dxe4 4. Nxe4 Bf5 5. Ng3 Bg6 6. h4 h6 7. h5 Bh7 8. Nf3
Nf6 9. Bd3 e6 10. Bf4 Bd6 11. Bxd6 Qxd6 12. Bxh7 Nxh7 13. O-O Nf6 14. Re1 O-O
15. c4 Nbd7 16. Qb3 b6 17. Rad1 Rfd8 18. c5 bxc5 19. dxc5 Qxc5 20. Rc1 Qb5 21.
Nd4 Qxb3 22. Nxb3 Rac8 23. Nc5 Nxc5 24. Rxc5 Rd2 25. Ra5 Rc7 26. b3 Rd5 27. Re5
Rd1+ 28. Kh2 Ng4+ 29. Kh3 Nxe5 30. Rxe5 Rd2 31. Re2 Rcd7 32. a3 Rxe2 33. Nxe2
Rd2 {White resigns} 0-1

[Event "Team 45 45 League T57"]
[Site "Internet Chess Club"]
[Date "2013.06.25"]
[Round "5"]
[White "oldsj"]
[Black "rahulr"]
[Result "0-1"]
[WhiteElo "1556"]
[BlackElo "1626"]
[Opening "Scandinavian gambit"]
[ECO "B01"]
[Time "13:01:34"]
[TimeControl "2700+45"]

1. e4 d5 2. exd5 Nf6 3. c4 c6 4. dxc6 Nxc6 5. Nf3 e5 6. Be2 e4 7. Ng1 Nb4 8. Nc3
Nd3+ 9. Bxd3 exd3 10. Nf3 Qe7+ 11. Kf1 Qc5 12. Qe1+ Be7 13. Ne5 Bf5 14. Qe3 O-O
15. Qf4 Be6 16. Nxd3 Bxc4 17. Qf3 Rad8 18. Kg1 Rxd3 19. Qxb7 Bd6 20. Ne4 Nxe4
21. Qxe4 Be5 22. Qe1 Re8 23. Qd1 Bd4 {White resigns} 0-1

[Event "Team 45 45 League T57"]
[Site "Internet Chess Club"]
[Date "2013.06.23"]
[Round "5"]
[White "Check101"]
[Black "Tjet"]
[Result "1-0"]
[WhiteElo "1577"]
[BlackElo "1459"]
[Opening "Philidor: Larsen variation"]
[ECO "B07"]
[Time "19:07:31"]
[TimeControl "2700+45"]

1. e4 d6 2. d4 e5 3. Nf3 exd4 4. Nxd4 g6 5. Nc3 Bg7 6. Be3 Nf6 7. f3 O-O 8. Qd2
Bd7 9. O-O-O Nc6 10. Nde2 a6 11. g4 Ne5 12. Bg2 Nc4 13. Qd3 Nxe3 14. Qxe3 Bc6
15. h4 Re8 16. g5 Nh5 17. f4 Bxc3 18. Nxc3 Qe7 19. Rhe1 b5 20. Qf2 Qf8 21. f5
gxf5 22. exf5 Bxg2 23. Qxg2 Rxe1 24. Rxe1 Re8 25. Rg1 Qe7 26. Nd5 Qe5 27. Nf6+
Kh8 28. Nxe8 Qe3+ 29. Kb1 Qxe8 30. Qg4 Qe3 31. g6 hxg6 32. fxg6 fxg6 33. Qxg6
Qxg1+ 34. Qxg1 {Black resigns} 1-0

[Event "Team 45 45 League T57"]
[Site "Internet Chess Club"]
[Date "2013.06.23"]
[Round "5"]
[White "stanbeers"]
[Black "seattleblues"]
[Result "1-0"]
[WhiteElo "1532"]
[BlackElo "1495"]
[Opening "King's Indian: 4.e4"]
[ECO "E70"]
[Time "20:07:14"]
[TimeControl "2700+45"]

1. d4 Nf6 2. c4 g6 3. Nc3 Bg7 4. e4 d6 5. Bd3 O-O 6. Nge2 e5 7. Bg5 Nc6 8. d5
Ne7 9. O-O Ne8 10. Rc1 f5 11. f4 fxe4 12. Bxe4 Nf6 13. Bb1 Ng4 14. Qd2 Qe8 15.
fxe5 Nxe5 16. b3 Nf5 17. Nb5 Qf7 18. Nbd4 Qe8 19. Nxf5 Bxf5 20. Bxf5 Rxf5 21.
Rxf5 gxf5 22. Nd4 Nf7 23. Bh4 Bxd4+ 24. Qxd4 Ne5 25. Bg3 Qe7 26. Re1 Re8 27.
Qxa7 f4 28. Bf2 f3 29. Qe3 Qf7 30. Bg3 Rf8 31. Qg5+ Qg6 32. Qxg6+ hxg6 33. Re3
Rf5 34. Bxe5 f2+ 35. Kf1 dxe5 36. Rf3 e4 37. Rxf5 gxf5 38. Kxf2 Kf7 39. Ke3 Kf6
40. a4 Ke5 41. g3 Kf6 42. b4 Ke5 43. a5 Kf6 44. b5 Ke5 45. a6 {Black resigns}
1-0

[Event "Team 45 45 League T57"]
[Site "Internet Chess Club"]
[Date "2013.06.23"]
[Round "5"]
[White "AtomicDog"]
[Black "Fogbound"]
[Result "1-0"]
[WhiteElo "1358"]
[BlackElo "1284"]
[Opening "Caro-Kann: advance variation"]
[ECO "B12"]
[Time "08:30:36"]
[TimeControl "2700+45"]

1. e4 c6 2. d4 d5 3. e5 c5 4. Nf3 Nc6 5. Be2 Bg4 6. Be3 e6 7. c3 Nge7 8. O-O
Bxf3 9. Bxf3 Nf5 10. Qd3 Qb6 11. b3 cxd4 12. cxd4 Nb4 13. Qd2 Rc8 14. Nc3 Be7
15. a3 Nc6 16. Ne2 Na5 17. Rfb1 O-O 18. b4 Nc4 19. Qd3 Qd8 20. Ng3 Ncxe3 21.
fxe3 Nxg3 22. hxg3 Bg5 23. e4 Qd7 24. exd5 Qa4 25. d6 Rc2 26. Bxb7 Rd2 27. Qf3
Qc2 28. Be4 Qc4 29. Kh2 Qxd4 30. Re1 Rf2 31. Qh5 Bh6 32. Rad1 Rd2 33. Qf3 f5 34.
Bc6 Qg4 35. Qxg4 fxg4 36. Rxd2 Bxd2 37. Rd1 Bg5 38. d7 Rb8 39. Rd6 Bd8 40. Rxe6
Kf8 41. Re8+ Kf7 42. e6+ Kf6 43. e7 Bc7 44. Rxb8 Kxe7 45. d8=Q+ Bxd8 46. Rb7+
Kd6 47. Be4 Bf6 48. Rxa7 Ke5 49. Bc2 Kd4 50. Rc7 h6 51. a4 Be5 52. Rc8 Bf6 53.
a5 Be5 54. a6 h5 55. a7 h4 56. a8=Q Bxg3+ 57. Kg1 Bf2+ 58. Kxf2 g3+ 59. Kg1 h3
60. gxh3 {Black resigns} 1-0

[Event "Team 45 45 League T57"]
[Site "Internet Chess Club"]
[Date "2013.06.19"]
[Round "5"]
[White "ausya"]
[Black "fireball"]
[Result "0-1"]
[WhiteElo "1532"]
[BlackElo "1691"]
[Opening "Pirc: classical, h3 system"]
[ECO "B08"]
[Time "20:01:39"]
[TimeControl "2700+45"]

1. e4 d6 2. d4 Nf6 3. Nc3 g6 4. Nf3 Bg7 5. h3 c5 6. Be3 cxd4 7. Nxd4 a6 8. Bd3
O-O 9. O-O Nbd7 10. Qd2 Nc5 11. Rad1 b5 12. a3 Bb7 13. f3 Nh5 14. Kh2 Qc7 15. b4
d5+ 16. Kg1 dxe4 17. fxe4 Nxd3 18. Qxd3 Rad8 19. Nd5 Bxd5 20. exd5 Rxd5 21. Qb3
Rfd8 22. c3 Qd7 23. Rde1 e5 24. Nf3 f5 25. Rd1 Kh8 26. Rde1 Ng3 27. Rf2 Rd1 28.
Bd2 Rxe1+ 29. Nxe1 Ne4 30. Be3 Nxf2 31. Bxf2 Qd5 32. Qc2 e4 33. Be3 Qc4 34. Bd2
Rc8 {White resigns} 0-1

[Event "Team 45 45 League T57"]
[Site "Internet Chess Club"]
[Date "2013.06.20"]
[Round "5"]
[White "Ajolote"]
[Black "JasonModer"]
[Result "1/2-1/2"]
[WhiteElo "1597"]
[BlackElo "1562"]
[Opening "Four knights: Italian variation"]
[ECO "C55"]
[Time "19:00:20"]
[TimeControl "2700+45"]

1. e4 e5 2. Nf3 Nc6 3. Bc4 Nf6 4. Nc3 Nxe4 5. Nxe4 d5 6. Bxd5 Qxd5 7. Nc3 Qe6 8.
O-O Qg6 9. Nh4 Qg5 10. Nf3 Qg6 11. Nh4 Qg5 12. Nf3 Qg6 13. Nh4 Qg5 14. Nf3 Qg6
15. Nh4 Qg5 16. Nf3 Qg6 17. Nh4 Qg5 18. Nf3 Qg6 19. Nh4 Qg5 20. Nf3 Qg6 21. Nh4
Qg5 22. Nf3 Qg6 23. Nh4 Qg5 {Game drawn by repetition} 1/2-1/2

[Event "Team 45 45 League T57"]
[Site "Internet Chess Club"]
[Date "2013.06.20"]
[Round "5"]
[White "mindstorm"]
[Black "GideonL"]
[Result "0-1"]
[WhiteElo "1362"]
[BlackElo "1446"]
[Opening "Scotch game"]
[ECO "C45"]
[Time "17:18:50"]
[TimeControl "2700+45"]

1. e4 e5 2. Nf3 Nc6 3. d4 exd4 4. Nxd4 Nxd4 5. Qxd4 d6 6. Bc4 Nf6 7. Nc3 Be7 8.
O-O Bg4 9. h3 Bh5 10. f4 O-O 11. f5 Nd7 12. g4 c6 13. gxh5 d5 14. exd5 Bc5 15.
Qxc5 Nxc5 16. dxc6 Qd4+ 17. Kh1 Qxc4 18. Rg1 Qh4 19. Kh2 bxc6 20. Bh6 Qf6 21.
Rxg7+ Kh8 22. Rag1 Qxh6 23. b4 Qd2+ 24. Kh1 Qxc3 25. Kh2 Nd7 26. h6 Qxc2+ 27.
R1g2 Qxf5 28. a4 Qf4+ 29. R7g3 Qxh6 30. b5 cxb5 31. axb5 Qf4 32. Kh1 Qf1+ 33.
Kh2 Qxb5 34. h4 a5 35. Kh3 Rg8 36. Rxg8+ {White resigns} 0-1

[Event "Team 45 45 League T57"]
[Site "Internet Chess Club"]
[Date "2013.06.24"]
[Round "5"]
[White "seldredg"]
[Black "RookCommander1"]
[Result "0-1"]
[WhiteElo "1345"]
[BlackElo "1269"]
[Opening "Bird's opening"]
[ECO "A03"]
[Time "12:30:08"]
[TimeControl "2700+45"]

1. f4 d5 2. Nf3 Nc6 3. g3 Bf5 4. d3 Nf6 5. Bg2 Qd6 6. O-O e5 7. fxe5 Nxe5 8.
Nxe5 Qxe5 9. c3 Qe6 10. Rf3 O-O-O 11. Re3 Qb6 12. b4 Ng4 13. Bh3 g6 14. Bxg4
Bxg4 15. Kg2 Qc6 16. d4 Bh6 17. Rd3 Bxc1 18. Qxc1 Bxe2 19. Re3 Rhe8 20. Rxe8
Qxe8 21. Qf4 Bd3 22. Na3 Qe2+ 23. Kg1 Be4 24. Qf1 Qe3+ 25. Qf2 Qxc3 26. Rf1 Qxa3
27. Qxf7 Qe3+ 28. Rf2 Qxd4 29. Qe6+ Kb8 30. Qe7 Rc8 31. h3 Qe3 32. Qc5 Qe1+
{White resigns} 0-1

[Event "Team 45 45 League T57"]
[Site "Internet Chess Club"]
[Date "2013.06.23"]
[Round "5"]
[White "MrPruett"]
[Black "Otelo"]
[Result "0-1"]
[WhiteElo "1797"]
[BlackElo "1861"]
[Opening "Sicilian: Scheveningen variation"]
[ECO "B80"]
[Time "19:01:11"]
[TimeControl "2700+45"]

1. e4 c5 2. Nf3 e6 3. d4 cxd4 4. Nxd4 Nf6 5. Nc3 d6 6. Be3 a6 7. Be2 Qc7 8. O-O
b5 9. a3 Bb7 10. f3 Be7 11. Qe1 Nbd7 12. Qg3 Ne5 13. f4 Nc4 14. Bxc4 Qxc4 15. e5
Nh5 16. Qg4 g6 17. Qe2 Qc7 18. Nf3 O-O 19. exd6 Bxd6 20. Ng5 Nxf4 21. Rxf4 Bxf4
22. g3 Bxe3+ 23. Qxe3 Rac8 {White resigns} 0-1

[Event "Team 45 45 League T57"]
[Site "Internet Chess Club"]
[Date "2013.06.25"]
[Round "5"]
[White "cyborg86"]
[Black "FourKnights"]
[Result "1-0"]
[WhiteElo "1893"]
[BlackElo "1794"]
[Opening "Sicilian: Canal-Sokolsky attack, 3...Bd7"]
[ECO "B52"]
[Time "17:00:17"]
[TimeControl "2700+45"]

1. e4 c5 2. Nf3 d6 3. Bb5+ Bd7 4. Bxd7+ Qxd7 5. O-O Nf6 6. Re1 e6 7. c3 Be7 8.
d4 O-O 9. Bg5 h6 10. Bh4 Re8 11. Qd3 a6 12. Nbd2 cxd4 13. cxd4 Nh5 14. Bxe7 Qxe7
15. Nc4 Nd7 16. Qa3 b5 17. Nxd6 Red8 18. Nxb5 Qxa3 19. Nxa3 Rab8 20. Nc4 Nb6 21.
b3 Nf6 22. Rac1 Nbd7 23. Nce5 Nxe5 24. Nxe5 Rd6 25. Nc6 Rb6 26. Ne7+ Kf8 27. Nc8
Rbc6 28. Nxd6 Rxd6 29. e5 Rxd4 30. exf6 gxf6 31. Red1 Rxd1+ 32. Rxd1 {Black
resigns} 1-0

[Event "Team 45 45 League T57"]
[Site "Internet Chess Club"]
[Date "2013.06.25"]
[Round "5"]
[White "pishd"]
[Black "fishhead"]
[Result "0-1"]
[WhiteElo "1755"]
[BlackElo "1886"]
[Opening "King's Indian: London system"]
[ECO "A48"]
[Time "12:16:25"]
[TimeControl "2700+45"]

1. d4 Nf6 2. Nf3 g6 3. Bf4 Nh5 4. Bg5 h6 5. Bh4 d6 6. e3 Bg7 7. c4 c6 8. Qc2 Qc7
9. Bd3 O-O 10. h3 e5 11. dxe5 dxe5 12. g4 Nf6 13. Nc3 Na6 14. a3 Nc5 15. Be2 a5
16. g5 Nh5 17. gxh6 Bxh6 18. Nd2 Bf5 19. Nde4 Ng7 20. Nf6+ Kh8 21. e4 Be6 22.
Rg1 Qe7 23. Rd1 Rfd8 24. Rxd8+ Rxd8 25. Nd7 Qxh4 26. Nxc5 Bd2+ 27. Kf1 Qxh3+
{White resigns} 0-1

[Event "Team 45 45 League T57"]
[Site "Internet Chess Club"]
[Date "2013.06.23"]
[Round "5"]
[White "jps7"]
[Black "timothysmall56"]
[Result "1-0"]
[WhiteElo "1728"]
[BlackElo "1691"]
[Opening "Queen's pawn: Yusupov-Rubinstein system"]
[ECO "A46"]
[Time "19:25:40"]
[TimeControl "2700+45"]

1. d4 Nf6 2. Nf3 e6 3. e3 c5 4. Bd3 cxd4 5. exd4 Be7 6. O-O O-O 7. b3 Nc6 8. Bb2
d5 9. a3 Qc7 10. Ne5 Rd8 11. Nd2 Nd7 12. f4 f6 13. Nxc6 bxc6 14. Qh5 f5 15. Rae1
Nf6 16. Qh3 c5 17. Kh1 cxd4 18. Bxd4 Qa5 19. Bxf5 Qxd2 20. Bxf6 exf5 21. Bxe7
Re8 22. Qd3 Qxd3 23. cxd3 Ba6 24. Rf3 Rab8 25. d4 Kf7 26. Bb4 Rxe1+ 27. Bxe1 Re8
28. Bf2 Rc8 29. h3 Rc2 30. Kh2 Be2 31. Re3 Bf1 32. Kg3 Re2 33. Rxe2 Bxe2 34. Be3
Ke6 35. Kf2 Bd3 36. g4 h6 37. Kg3 fxg4 38. hxg4 Be2 39. f5+ Kf6 40. Kh4 Bd3 41.
Bf4 g5+ 42. fxg6 Kxg6 43. b4 a6 44. Be5 Bb5 45. Kg3 h5 46. gxh5+ Kxh5 47. Kf4
Kg6 48. Bc7 Kf6 49. Bb6 Ke6 50. Bc5 Kd7 51. Ke5 Kc6 52. Ke6 Ba4 53. Bd6 Bb3 54.
Ke5 Kb5 55. Bc5 Ka4 56. Kd6 Kxa3 57. b5+ Ka4 58. bxa6 {Black resigns} 1-0

[Event "Team 45 45 League T57"]
[Site "Internet Chess Club"]
[Date "2013.06.24"]
[Round "5"]
[White "WillC"]
[Black "cysk"]
[Result "0-1"]
[WhiteElo "1750"]
[BlackElo "1811"]
[Opening "Réti opening"]
[ECO "A05"]
[Time "18:39:22"]
[TimeControl "2700+45"]

1. Nf3 Nf6 2. b3 d5 3. Bb2 c5 4. e3 Nc6 5. Be2 e6 6. O-O Be7 7. d4 O-O 8. Nbd2
cxd4 9. exd4 Bd7 10. Ne5 Nxe5 11. dxe5 Ne4 12. Bd3 Nxd2 13. Qxd2 f5 14. exf6
Bxf6 15. c4 Bxb2 16. Qxb2 Qf6 17. Qc2 Qh6 18. Qe2 Rae8 19. Rad1 Bc6 20. Qe5 Qf6
21. Rde1 a6 22. a4 Qxe5 23. Rxe5 Rf4 24. Rfe1 Rd4 25. Bf1 Kf7 26. h3 Kf6 27. g3
g6 28. f4 Rd2 29. Bg2 d4 30. Bxc6 bxc6 31. Rc5 Rc8 32. b4 Ra2 33. Ra5 Rb2 34.
Rxa6 Rxb4 35. Rc1 e5 36. fxe5+ Kxe5 37. Re1+ Kd6 38. Rc1 Rcb8 39. c5+ Kd5 40.
Ra7 R8b7 41. Ra6 Rb1 42. Rxb1 Rxb1+ 43. Kf2 Rb2+ 44. Ke1 Kxc5 45. Ra7 Rb3 46.
Ra5+ Kb4 47. Rg5 Kxa4 48. Kd2 Kb4 49. h4 c5 50. h5 gxh5 51. Rxh5 Rxg3 52. Rxh7
Kc4 53. Ra7 {White resigns} 0-1

[Event "Team 45 45 League T57"]
[Site "Internet Chess Club"]
[Date "2013.06.23"]
[Round "5"]
[White "cityprosecutor"]
[Black "bahamapapa"]
[Result "0-1"]
[WhiteElo "1821"]
[BlackElo "1823"]
[Opening "Robatsch (modern) defense"]
[ECO "B06"]
[Time "20:11:21"]
[TimeControl "2700+45"]

1. e4 g6 2. d4 Bg7 3. Nf3 c6 4. Nc3 d5 5. h3 Nf6 6. e5 Ne4 7. Nxe4 dxe4 8. Ng5
c5 9. e6 Bxe6 10. Nxe6 fxe6 11. dxc5 Qa5+ 12. c3 Nd7 13. Be2 Nxc5 14. O-O Rd8
15. Qc2 O-O 16. b4 Qa4 17. Qb2 Nd3 18. Qb3 Qxb3 19. axb3 Bxc3 20. Rxa7 Bd4 21.
Rxb7 Nxc1 22. Rxc1 Rxf2 {White resigns} 0-1

[Event "Team 45 45 League T57"]
[Site "Internet Chess Club"]
[Date "2013.06.21"]
[Round "5"]
[White "SugarIslander"]
[Black "Warpdrive"]
[Result "0-1"]
[WhiteElo "1650"]
[BlackElo "1688"]
[Opening "King's Indian: orthodox, Aronin-Taimanov variation (Yugoslav attack / Mar del Plata variation)"]
[ECO "E97"]
[Time "15:00:43"]
[TimeControl "2700+45"]

1. d4 Nf6 2. c4 g6 3. Nc3 Bg7 4. e4 d6 5. Nf3 O-O 6. Be2 e5 7. O-O Nc6 8. d5 Ne7
9. a4 a5 10. Ra3 c5 11. Ne1 Ne8 12. f4 f5 13. fxe5 Bxe5 14. Nf3 Bg7 15. Ng5 h6
16. Ne6 Bxe6 17. dxe6 Nc7 18. exf5 Nxf5 19. Bf3 Qh4 20. Qe1 Qxc4 21. Bxb7 Bd4+
22. Kh1 Ng3+ 23. hxg3 Rxf1+ 24. Qxf1 Qxf1+ 25. Kh2 Qg1+ 26. Kh3 Qh1+ 27. Kg4 Rf8
28. Bf4 Qh5# {White checkmated} 0-1

[Event "Team 45 45 League T57"]
[Site "Internet Chess Club"]
[Date "2013.06.23"]
[Round "5"]
[White "CKNIGHT3"]
[Black "oldsj"]
[Result "1-0"]
[WhiteElo "1695"]
[BlackElo "1592"]
[Opening "King's Indian: Sämisch, orthodox, 7.d5"]
[ECO "E87"]
[Time "11:00:33"]
[TimeControl "2700+45"]

1. d4 Nf6 2. c4 g6 3. Nc3 Bg7 4. e4 d6 5. f3 O-O 6. Be3 e5 7. d5 Nh5 8. Qd2 f5
9. exf5 gxf5 10. O-O-O f4 11. Bf2 Nf6 12. Nh3 h6 13. Bh4 Bf5 14. g3 fxg3 15.
hxg3 Qe8 16. g4 Bh7 17. g5 hxg5 18. Nxg5 Bh6 19. Bd3 Qh5 20. Rdg1 Kh8 21. f4
Nbd7 22. Be1 Bxg5 23. fxg5 Qf3 24. gxf6 Nxf6 25. Bxh7 Nxh7 26. Rxh7+ {Black
resigns} 1-0

[Event "Team 45 45 League T57"]
[Site "Internet Chess Club"]
[Date "2013.06.24"]
[Round "5"]
[White "LittleButton"]
[Black "EyeAm"]
[Result "0-1"]
[WhiteElo "1857"]
[BlackElo "1813"]
[Opening "Petrov: Paulsen attack"]
[ECO "C42"]
[Time "14:00:52"]
[TimeControl "2700+45"]

1. e4 e5 2. Nf3 Nf6 3. Nxe5 d6 4. Nc4 Nxe4 5. Qe2 Qe7 6. Ne3 Nf6 7. g3 Nc6 8.
Bg2 d5 9. c3 Be6 10. d4 O-O-O 11. Nd2 Qd7 12. Nf3 Bh3 13. Bxh3 Qxh3 14. Bd2 Qd7
15. O-O-O Bd6 16. Nh4 Rhe8 17. Qf3 Ne4 18. Nxd5 Qe6 19. c4 Nxd4 20. Qe3 Bc5 21.
f3 Nf2 22. Qf4 Rd7 23. Rde1 Nd3+ 24. Kb1 Nxe1 {White resigns} 0-1